montu, chaotic male human Wizard ------------- |...<.......| ##### -------- |............############################ #------ |......| -|-.--------- ------------- ###......######### |......| # ## #-............####|[...| # |^>..E.| # # ###|...........|####...^..# #%....*s@| # # # |...-----...|# |....|# --.----- # # ### |...|.{.|...|# ------# ## #### # |...|{.{|...|# # # ## ### |...|.{.|...|# ### # ### # |...-.---....# # # ## ### |...........| ### # #### # |..........*| # ---|--------- # # ### ------------- ### |...........| -.--+-- # # |...........| |....[.###### ##.......*....| |.....| |...........| ------- ------------- montu the Thaumaturge Experience level: 6 Strength: 9 Dexterity: 15 Constitution: 13 Intelligence: 18 Wisdom: 11 Charisma: 10 Health: 0(64) Energy: 1(51) Def: 1 Gold: 161 Moves: 3551 Dungeon seed: kGH9ki-AsG6HRf2e Game ID: montu_1681348144 Your Inventory: Coins $ - 161 gold pieces Weapons a - a blessed +1 quarterstaff (weapon in hands) c - 3 uncursed +0 darts k - an uncursed +0 orcish dagger m - 7 cursed -1 arrows w - an uncursed +0 sling x - an uncursed +0 sling y - an uncursed +0 worm tooth X - 12 uncursed +0 crossbow bolts Y - a blessed +3 dart Z - a blessed +1 dart Armor e - an uncursed +0 cloak of magic resistance (being worn) Comestibles l - 2 uncursed fortune cookies t - 3 uncursed food rations A - 2 uncursed pears Q - an uncursed lizard corpse Scrolls d - an uncursed scroll of teleportation q - an uncursed scroll of punishment G - a blessed scroll of magic mapping L - an uncursed scroll of identify S - an uncursed scroll of recall Potions v - an uncursed potion of booze Wands i - an uncursed wand of light (0:11) C - an uncursed wand of light (0:10) Tools b - an uncursed sack h - an uncursed blindfold u - an uncursed +0 unicorn horn V - an uncursed tallow candle (0:200) Contents of the sack: an uncursed +0 orcish helm an uncursed +0 pair of levitation boots an uncursed spellbook of cause fear an uncursed spellbook of polymorph an uncursed potion of confusion an uncursed potion of gain energy a blessed potion of hallucination an uncursed potion of hallucination an uncursed potion of object detection 2 uncursed potions of restore ability a cursed -1 ring of increase damage an uncursed ring of teleport control an uncursed wand of striking (0:0) an uncursed tin whistle an uncursed tin whistle an uncursed tin whistle an uncursed worthless piece of red glass 2 uncursed worthless pieces of yellow glass an uncursed worthless piece of yellowish brown glass Spells and supernatural/magical abilities: Name Level Category Cost Memory a - force bolt 1 attack 8pw 95% c - cause fear 3 enchantment 25pw 95% m - magic missile 2 attack 16pw 95% w - wizard lock 2 matter 25pw 100% B - cure blindness 2 healing 25pw 95% W - pray for help -- divine ? -- Your skills at the end: Fighting Skills wands [Basic] Weapon Skills quarterstaff [Basic] Spellcasting Skills attack spells [Basic] enchantment spells [Basic] Final Attributes: You were piously aligned. You were fire resistant. You were magic resistant. You were stunned. You last prayed 1688 turns ago. Anhur was noncommittal. You are dead. Vanquished creatures: a shimmering dragon a baby yellow dragon a skeleton a flesh golem a long worm an ochre jelly an ice vortex an orc mummy a lizard a white unicorn 2 human zombies a fire ant a yellow light a gray ooze 4 rothes 2 monkeys an acid blob 4 coyotes 2 hobbits 8 giant rats 3 cave spiders a green mold 2 gnomes 12 garter snakes 5 geckos 7 jackals a fox 2 goblins a sewer rat 2 grid bugs 3 lichens 5 newts 80 creatures vanquished. Voluntary challenges: You used a wielded weapon 102 times, starting on turn 168. You read items or engraved 43 times, starting on turn 1903. You never genocided any monsters. You never polymorphed an object. You never changed form. You used no wishes. You never split a pudding. You wrote Elbereth's name 28 times, starting on turn 1903. You never violated your personal moral code. Dungeon overview: The Dungeons of Doom: levels 1 to 8 Level 1 some fountains a long staircase Level 2 an altar to Thoth a long staircase Level 3 Level 7 a vault Level 8 <- You were here many fountains History has recorded: On T:1 you entered the Dungeons of Doom to retrieve the Amulet of Yendor! On T:533 you reached level 2 of The Dungeons of Doom. On T:648 you advanced to experience level 2. On T:777 you advanced to experience level 3. On T:1185 you reached level 3 of The Dungeons of Doom. On T:1529 you reached level 7 of The Dungeons of Doom. On T:1845 you advanced to experience level 4. On T:2312 you reached level 8 of The Dungeons of Doom. On T:2344 you advanced to experience level 5. On T:3136 you advanced to experience level 6. Score breakdown: Gold: 161 ( 7516 points) Experience: 6 levels (12456 points) Exploration: 8 levels ( 16.33%) (11456 points) Discoveries: 4 items ( 1.34%) ( 3475 points) Valuables value: (no points given unless you survive) Artifact value: 0 ( 0 points) Variety of kills: 32 monsters ( 8.42%) ( 8705 points) Turncount: 3551 turns ( -849 points) Survival: died (score multiplied by 80%) Total score: 34207 Latest messages: The giant spider bites! You add to the writing in the dust with your fingers. The giant spider bites! You add to the writing in the dust with your fingers. The giant spider bites! (2x) [2 turns] You add to the writing in the dust with your fingers. The giant spider bites! (2x) The magic missile hits the giant spider! The giant spider bites! The fire elemental hits! You are on fire! The magic missile bounces! The magic missile hits you! The missiles bounce off! The magic missile hits the giant spider! The giant spider bites! The fire elemental hits! You are on fire! The giant spider bites! You die... Final status: Goodbye montu the Wizard, killed by a giant spider... You died in The Dungeons of Doom on dungeon level 8 with 34207 points, and 161 pieces of gold, after 3551 moves. You were level 6 with a maximum of 64 hit points when you died.